SL
WIZARDING EXPRESS @ FT. WORTH CATTLEMEN
08/09/2032
 
TOP OF THE 1ST
Wizarding Express batting - Pitching for Ft. Worth Cattlemen : RHP Armando Romano
Pitching: RHP Armando Romano
Batting: LHB José Corona 0-0: Fly out, F8 (Line Drive, 8RM)
Batting: SHB Salvador Trevino 0-0: Foul Ball, location: 2F
0-1: Ball
1-1: Foul Ball, location: 2F
1-2: Strikes out swinging, 2-3 out at first.
Batting: LHB Nathan Tanner 0-0: Fly out, F8 (Flyball, 8LS)
Top of the 1st over - 0 runs, 0 hits, 0 errors, 0 left on base; Wizarding 0 - Ft. Worth 0
BOTTOM OF THE 1ST
Ft. Worth Cattlemen batting - Pitching for Wizarding Express : RHP Fred Gunther
Pitching: RHP Fred Gunther
Batting: SHB Javier Vázquez 0-0: Called Strike
0-1: Foul Ball, location: 2F
0-2: Foul Ball, location: 2F
0-2: Foul Ball, location: 2F
0-2: Foul Ball, location: 2F
0-2: Ball
1-2: Ball
2-2: Ground out 6-3 (Groundball, 6)
Batting: LHB Chris Etheridge 0-0: Ball
1-0: Ball
2-0: Ball
3-0: Called Strike
3-1: Swinging Strike
3-2: Base on Balls
Batting: RHB Gilberto Juárez 0-0: Ball
Chris Etheridge is caught stealing 2nd base
1-0: Ball
2-0: Ball
3-0: Called Strike
3-1: Base on Balls
Batting: LHB Rick Mayfield 0-0: Ball
1-0: Foul Ball, location: 2F
1-1: Ball
2-1: Called Strike
2-2: Foul Ball, location: 2F
2-2: Strikes out swinging
Bottom of the 1st over - 0 runs, 0 hits, 0 errors, 1 left on base; Wizarding 0 - Ft. Worth 0
TOP OF THE 2ND
Wizarding Express batting - Pitching for Ft. Worth Cattlemen : RHP Armando Romano
Batting: RHB Ralph Cranford 0-0: Foul Ball, location: 2F
0-1: Foul Ball, location: 2F
0-2: Ball
1-2: Ball
2-2: Ground out 6-3 (Groundball, 6)
Batting: SHB Fernando Sánchez 0-0: Foul Ball, location: 2F
0-1: Ball
1-1: Foul Ball, location: 2F
1-2: Ball
2-2: Strikes out looking
Batting: LHB António Boccanegra 0-0: Ball
1-0: Ground out 5-3 (Groundball, 5L)
Top of the 2nd over - 0 runs, 0 hits, 0 errors, 0 left on base; Wizarding 0 - Ft. Worth 0
BOTTOM OF THE 2ND
Ft. Worth Cattlemen batting - Pitching for Wizarding Express : RHP Fred Gunther
Batting: RHB Bart Lewis 0-0: Called Strike
0-1: Foul Ball, location: 2F
0-2: Ball
1-2: Ball
2-2: Foul Ball, location: 2F
2-2: Foul Ball, location: 2F
2-2: Ground out 1-3 (Groundball, 15S)
Batting: SHB Roberto Mosca 0-0: Called Strike
0-1: Swinging Strike
0-2: Ball
1-2: Strikes out looking
Batting: RHB Rich Flannery 0-0: Foul Ball, location: 2F
0-1: Ball
1-1: Called Strike
1-2: Ball
2-2: Strikes out looking
Bottom of the 2nd over - 0 runs, 0 hits, 0 errors, 0 left on base; Wizarding 0 - Ft. Worth 0
TOP OF THE 3RD
Wizarding Express batting - Pitching for Ft. Worth Cattlemen : RHP Armando Romano
Batting: RHB Frank Grimes 0-0: Called Strike
0-1: Ball
1-1: Foul Ball, location: 2F
1-2: Ball
2-2: Strikes out swinging
Batting: RHB Gustavo Mateo 0-0: Ball
1-0: Fly out, F1 (Popup, P)
Batting: LHB Cris Gonzáles 0-0: Ball
1-0: Ball
2-0: Swinging Strike
2-1: Fly out, F5 (Popup, 5SF)
Top of the 3rd over - 0 runs, 0 hits, 0 errors, 0 left on base; Wizarding 0 - Ft. Worth 0
BOTTOM OF THE 3RD
Ft. Worth Cattlemen batting - Pitching for Wizarding Express : RHP Fred Gunther
Batting: RHB Jesús Martínez 0-0: SINGLE (Groundball, 56D)
Batting: RHB Vincent Vega 0-0: Called Strike
0-1: Ball
1-1: Called Strike
1-2: Ball
2-2: Ball
3-2: Foul Ball, location: 2F
3-2: Fly out, F7 (Flyball, 7LDF)
Batting: SHB Javier Vázquez 0-0: Ball
1-0: Foul Ball, location: 2F
1-1: 2-RUN HOME RUN (Flyball, 8RXD), Distance : 430 ft
Batting: LHB Chris Etheridge 0-0: Ball
1-0: Ground out 1-3 (Groundball, P)
Batting: RHB Gilberto Juárez 0-0: Foul Ball, location: 2F
0-1: Ball
1-1: Foul Ball, location: 2F
1-2: Fly out, F3 (Popup, 34)
Bottom of the 3rd over - 2 runs, 2 hits, 0 errors, 0 left on base; Wizarding 0 - Ft. Worth 2
TOP OF THE 4TH
Wizarding Express batting - Pitching for Ft. Worth Cattlemen : RHP Armando Romano
Batting: LHB José Corona 0-0: Called Strike
0-1: Ball
1-1: Ball
2-1: Ball
3-1: Called Strike
3-2: Foul Ball, location: 2F
3-2: Base on Balls
Batting: SHB Salvador Trevino 0-0: Ball
1-0: Swinging Strike
1-1: Ball
2-1: Called Strike
2-2: SINGLE (Groundball, 13S) (infield hit)
José Corona to second
Batting: LHB Nathan Tanner 0-0: DOUBLE (Flyball, 8LXD)
José Corona scores
Salvador Trevino to third
Batting: RHB Ralph Cranford 0-0: Called Strike
0-1: Called Strike
0-2: Strikes out swinging
Batting: SHB Fernando Sánchez 0-0: Ball
1-0: Fly out, F9 (Flyball, 9LD)
Runner from 3rd tags up, SCORES, throw made
Batting: LHB António Boccanegra 0-0: Ball
1-0: Foul Ball, location: 2F
1-1: Ball
2-1: Foul Ball, location: 2F
2-2: SINGLE (Groundball, 34D)
Nathan Tanner to third
Runner from 3rd tries for Home, SAFE, no throw
Batting: RHB Frank Grimes 0-0: Called Strike
0-1: Swinging Strike
0-2: Strikes out looking
Top of the 4th over - 3 runs, 3 hits, 0 errors, 1 left on base; Wizarding 3 - Ft. Worth 2
BOTTOM OF THE 4TH
Ft. Worth Cattlemen batting - Pitching for Wizarding Express : RHP Fred Gunther
Batting: LHB Rick Mayfield 0-0: Ball
1-0: Ball
2-0: Ball
3-0: Called Strike
3-1: Base on Balls
Batting: RHB Bart Lewis 0-0: Ball
1-0: Ball
2-0: Grounds into double play, 4-6-3 (Groundball, 4M)
Batting: SHB Roberto Mosca 0-0: Called Strike
0-1: Foul Ball, location: 2F
0-2: Ball
1-2: Fly out, F7 (Flyball, 78XD)
Bottom of the 4th over - 0 runs, 0 hits, 0 errors, 0 left on base; Wizarding 3 - Ft. Worth 2
TOP OF THE 5TH
Wizarding Express batting - Pitching for Ft. Worth Cattlemen : RHP Armando Romano
Batting: RHB Gustavo Mateo 0-0: Ball
1-0: Called Strike
1-1: SINGLE (Flyball, 7LM)
Batting: LHB Cris Gonzáles 0-0: Ball
1-0: Called Strike
1-1: Fly out, F9 (Flyball, 9LMF)
Batting: LHB José Corona 0-0: Ball
1-0: Foul Ball, location: 2F
1-1: Ball
2-1: Called Strike
2-2: Ball
3-2: Strikes out swinging
Batting: SHB Salvador Trevino 0-0: Called Strike
0-1: Ball
1-1: Called Strike
1-2: Strikes out swinging
Top of the 5th over - 0 runs, 1 hit, 0 errors, 1 left on base; Wizarding 3 - Ft. Worth 2
BOTTOM OF THE 5TH
Ft. Worth Cattlemen batting - Pitching for Wizarding Express : RHP Fred Gunther
Batting: RHB Rich Flannery 0-0: Hit by Pitch
Batting: RHB Jesús Martínez 0-0: Ball
1-0: Sac Bunt - play at first, batter OUT! 1-4
Rich Flannery to second
Batting: RHB Vincent Vega 0-0: Ball
1-0: Ball
2-0: Called Strike
2-1: SINGLE (Groundball, 4MD)
Rich Flannery to third
Runner from 3rd tries for Home, SAFE, throw made home
Batting: SHB Javier Vázquez 0-0: Ball
1-0: Swinging Strike
1-1: Ball
2-1: Ball
3-1: Base on Balls
Vincent Vega to second
Batting: LHB Chris Etheridge 0-0: Ball
1-0: Ball
2-0: Fly out, F9 (Flyball, 9LD)
Runner from 2nd tags up, SAFE at 3rd, no throw
Batting: RHB Gilberto Juárez 0-0: Ball
1-0: Called Strike
1-1: Ball
2-1: Called Strike
Javier Vázquez steals 2nd base
2-2: Foul Ball, location: 2F
2-2: Strikes out swinging
Bottom of the 5th over - 1 run, 1 hit, 0 errors, 2 left on base; Wizarding 3 - Ft. Worth 3
TOP OF THE 6TH
Wizarding Express batting - Pitching for Ft. Worth Cattlemen : RHP Armando Romano
Batting: LHB Nathan Tanner 0-0: Ball
1-0: Ground out 6-3 (Groundball, 56)
Batting: RHB Ralph Cranford 0-0: Foul Ball, location: 2F
0-1: Ball
1-1: SOLO HOME RUN (Flyball, 78XD), Distance : 433 ft
Batting: SHB Fernando Sánchez 0-0: Called Strike
0-1: Ball
1-1: Fly out, F8 (Flyball, 8RS)
Batting: LHB António Boccanegra 0-0: Fly out, F7 (Line Drive, 78M)
Top of the 6th over - 1 run, 1 hit, 0 errors, 0 left on base; Wizarding 4 - Ft. Worth 3
BOTTOM OF THE 6TH
Ft. Worth Cattlemen batting - Pitching for Wizarding Express : RHP Fred Gunther
Batting: LHB Rick Mayfield 0-0: Ball
1-0: Called Strike
1-1: Ball
2-1: Ball
3-1: Base on Balls
Batting: RHB Bart Lewis 0-0: Ball
1-0: Ball
2-0: Ball
3-0: Called Strike
3-1: Ground out U3 (Groundball, 34S)
Rick Mayfield to second
Batting: SHB Roberto Mosca 0-0: Called Strike
0-1: Called Strike
0-2: Ball
1-2: Ball
2-2: Ground out 3-1 (Groundball, 34)
Rick Mayfield to third
Batting: RHB Rich Flannery 0-0: Called Strike
0-1: Called Strike
0-2: Ball
1-2: Strikes out looking
Bottom of the 6th over - 0 runs, 0 hits, 0 errors, 1 left on base; Wizarding 4 - Ft. Worth 3
TOP OF THE 7TH
Wizarding Express batting - Pitching for Ft. Worth Cattlemen : RHP Armando Romano
Batting: RHB Frank Grimes 0-0: Ball
1-0: Foul Ball, location: 2F
1-1: Swinging Strike
1-2: Ball
2-2: Ball
3-2: Reached on error, E5 (Groundball, 5)
Batting: RHB Gustavo Mateo 0-0: Ball
1-0: Called Strike
1-1: Sac Bunt - play at first, batter OUT! 2-3
Frank Grimes to second
Batting: LHB Cris Gonzáles 0-0: Called Strike
Frank Grimes steals 3rd base
0-1: Ball
1-1: Ball
2-1: Foul Ball, location: 2F
2-2: SINGLE (Groundball, 4MD)
Frank Grimes scores
Pitching: LHP Pedro Ortíz
Batting: LHB José Corona 0-0: Called Strike
0-1: Fielders Choice at 2nd, 1-6 (Groundball, 13)
Batting: SHB Salvador Trevino 0-0: Ball
1-0: Fly out, F4 (Popup, 3D)
Top of the 7th over - 1 run, 1 hit, 1 error, 1 left on base; Wizarding 5 - Ft. Worth 3
BOTTOM OF THE 7TH
Ft. Worth Cattlemen batting - Pitching for Wizarding Express : RHP Fred Gunther
Batting: RHB Jesús Martínez 0-0: Ball
1-0: Ball
2-0: Ball
3-0: Called Strike
3-1: SINGLE (Groundball, 4D)
Pitching: LHP Hao Wei
Batting: RHB Vincent Vega 0-0: Ball
1-0: Foul Ball, location: 2F
1-1: Ball
2-1: DOUBLE (Line Drive, 8RXD)
Jesús Martínez to third
Runner from 3rd tries for Home, SAFE, no throw
Batting: SHB Javier Vázquez 0-0: Ball
1-0: Foul Ball, location: 2F
1-1: Ball
2-1: Ball
3-1: Called Strike
3-2: Foul Ball, location: 2F
3-2: Strikes out looking
Pinch Hitting: RHB Tim Burney 0-0: Ball
1-0: Called Strike
1-1: Ball
2-1: Called Strike
2-2: Ball
3-2: Fly out, F7 (Line Drive, 78M)
Batting: RHB Gilberto Juárez 0-0: Foul Ball, location: 2F
0-1: Ball
1-1: Ball
2-1: Ball
3-1: Base on Balls
Pinch Hitting: RHB Otis Brewer 0-0: Swinging Strike
0-1: SINGLE (Groundball, 56D)
Vincent Vega to third
Gilberto Juárez to second
Runner from 3rd tries for Home, SAFE, no throw
Batting: RHB Bart Lewis 0-0: Foul Ball, location: 2F
0-1: Reached on error, E6 (Groundball, 6)
Gilberto Juárez to third
Otis Brewer to second
Batting: SHB Roberto Mosca 0-0: Called Strike
0-1: Ground out 6-3 (Groundball, 6S)
Bottom of the 7th over - 2 runs, 3 hits, 1 error, 3 left on base; Wizarding 5 - Ft. Worth 5
TOP OF THE 8TH
Wizarding Express batting - Pitching for Ft. Worth Cattlemen : LHP Pedro Ortíz
Now at SS: Lloyd Alberink
Now in RF: Otis Brewer
Pinch Hitting: RHB Paul Penrice 0-0: Swinging Strike
0-1: SINGLE (Flyball, 78M)
Batting: RHB Ralph Cranford 0-0: Ball
1-0: Called Strike
1-1: Foul Ball, location: 2F
1-2: Strikes out swinging
Batting: SHB Fernando Sánchez 0-0: Called Strike
0-1: Ball
1-1: Ball
2-1: Called Strike
2-2: DOUBLE (Flyball, 89XD)
Paul Penrice to third
Batting: LHB António Boccanegra 0-0: Called Strike
0-1: Swinging Strike
0-2: Strikes out swinging
Batting: RHB Frank Grimes 0-0: Foul Ball, location: 2F
0-1: Foul Ball, location: 2F
0-2: Ball
1-2: Fly out, F9 (Flyball, 9S)
Top of the 8th over - 0 runs, 2 hits, 0 errors, 2 left on base; Wizarding 5 - Ft. Worth 5
BOTTOM OF THE 8TH
Ft. Worth Cattlemen batting - Pitching for Wizarding Express : LHP Hao Wei
Now in LF: David Holbrook
Batting: RHB Rich Flannery 0-0: Ball
1-0: Ball
2-0: Called Strike
2-1: Foul Ball, location: 2F
2-2: Strikes out looking
Batting: RHB Jesús Martínez 0-0: Ground out 5-3 (Groundball, 56)
Batting: RHB Vincent Vega 0-0: Ball
1-0: Ball
2-0: Ball
3-0: Base on Balls
Batting: SHB Javier Vázquez 0-0: Ball
1-0: SINGLE (Groundball, 34S) (infield hit)
Vincent Vega to second
Batting: RHB Lloyd Alberink 0-0: Ball
1-0: Called Strike
1-1: Foul Ball, location: 2F
1-2: Ball
2-2: Foul Ball, location: 2F
2-2: Foul Ball, location: 2F
2-2: SINGLE (Flyball, 9S)
Vincent Vega to third
Javier Vázquez to second
Runner from 3rd tries for Home, SAFE, no throw
Pitching: RHP Marcos Oquendo
Batting: RHB Gilberto Juárez 0-0: Ball
1-0: Swinging Strike
1-1: Swinging Strike
1-2: Foul Ball, location: 2F
1-2: Foul Ball, location: 2F
1-2: Fly out, F8 (Flyball, 8LD)
Bottom of the 8th over - 1 run, 2 hits, 0 errors, 2 left on base; Wizarding 5 - Ft. Worth 6
TOP OF THE 9TH
Wizarding Express batting - Pitching for Ft. Worth Cattlemen : LHP Pedro Ortíz
Pitching: RHP Nicholas Wells
Batting: RHB Gustavo Mateo 0-0: Ball
1-0: Ball
2-0: Foul Ball, location: 2F
2-1: Foul Ball, location: 2F
2-2: Fly out, F3 (Popup, 23F)
Batting: LHB Cris Gonzáles 0-0: Called Strike
0-1: Foul Ball, location: 2F
0-2: Strikes out swinging
Batting: LHB José Corona 0-0: Called Strike
0-1: Foul Ball, location: 2F
0-2: Ball
1-2: Ball
2-2: Ball
3-2: Foul Ball, location: 2F
3-2: Base on Balls
Batting: SHB Salvador Trevino 0-0: Ball
1-0: Foul Ball, location: 2F
1-1: Ball
2-1: Foul Ball, location: 2F
2-2: SINGLE (Groundball, 56S) (infield hit)
José Corona to second
Batting: LHB David Holbrook 0-0: Foul Ball, location: 2F
0-1: DOUBLE (Line Drive, 7LM)
José Corona scores
Salvador Trevino to third
Runner from 3rd tries for Home, SAFE, no throw
Batting: RHB Ralph Cranford 0-0: Ball
1-0: Called Strike
1-1: Foul Ball, location: 2F
1-2: Foul Ball, location: 2F
1-2: Ball
2-2: Strikes out swinging
Top of the 9th over - 2 runs, 2 hits, 0 errors, 1 left on base; Wizarding 7 - Ft. Worth 6
BOTTOM OF THE 9TH
Ft. Worth Cattlemen batting - Pitching for Wizarding Express : RHP Marcos Oquendo
Pitching: LHP Dorian Daly
Batting: RHB Otis Brewer 0-0: Ball
1-0: Ball
2-0: Called Strike
2-1: Foul Ball, location: 2F
2-2: Strikes out looking
Batting: RHB Bart Lewis 0-0: Called Strike
0-1: Ball
1-1: Ball
2-1: Ground out 4-3 (Groundball, 34)
Batting: SHB Roberto Mosca 0-0: Called Strike
0-1: Swinging Strike
0-2: Ball
1-2: Strikes out looking
Bottom of the 9th over - 0 runs, 0 hits, 0 errors, 0 left on base; Wizarding 7 - Ft. Worth 6
Wednesday, September 19th, 2018 - OOTP Baseball 18.8 Build 76